 Dungeon Crawl Stone Soup version 0.29-a0-8-g0446c0dae4 (webtiles) character file.

Game seed: 1360751828826242603

294 kae the Insei (level 6, -3/50 HPs)
             Began as a Draconian Transmuter on Jan 27, 2022.
             Slain by a phantom (5 damage)
             ... on level 4 of the Dungeon.
             The game lasted 00:02:00 (3421 turns).

kae the Insei (Draconian Transmuter)                Turns: 3421, Time: 00:02:01

Health: -3/50      AC:  6    Str: 12    XL:     6   Next: 11%
Magic:  16/19      EV: 12    Int: 15    God:
Gold:   127        SH:  0    Dex: 16    Spells: 2/10 levels left

rFire   . . .      SeeInvis .     - Unarmed
rCold   . . .      Faith    .   (no shield)
rNeg    . . .      Spirit   .   (armour unavailable)
rPois   .          Reflect  .   (helmet restricted)
rElec   .          Harm     .   (no cloak)
rCorr   .          Rampage  .   (no gloves)
Will    +....                   (no boots)
Stlth   +.........              (no amulet)
HPRegen 0.16/turn               a - ring "Wism" {Will+ MP+9 Dex+4}
MPRegen 0.16/turn               (no ring)

@: no status effects
A: AC +6, unfitting armour, cold-blooded
a: no special abilities


You were on level 4 of the Dungeon.
You visited 1 branch of the dungeon, and saw 4 of its levels.

You collected 127 gold pieces.

Inventory:

Jewellery
 a - the ring "Wism" (left hand) {Will+ MP+9 Dex+4}
   (You found it on level 2 of the Dungeon)

   [ring of magical power]

   Dex:       It affects your dexterity (+4).
   MP:        It affects your magic capacity (+9).
   Will:      It increases your willpower.
 f - a +6 ring of intelligence
Scrolls
 c - 2 scrolls of magic mapping


   Skills:
 + Level 2.4 Fighting
 + Level 2.5 Dodging
 * Level 4.1 Unarmed Combat
 + Level 2.6 Spellcasting
 * Level 3.6 Transmutations
 * Level 0.6 Ice Magic
 - Level 2.0 Poison Magic


You had 2 spell levels left.
You knew the following spells:

 Your Spells              Type           Power      Damage    Failure   Level
a - Beastly Appendage     Tmut           24%        N/A       4%          1
b - Spider Form           Tmut/Pois      10%        N/A       21%         3
c - Ice Form              Ice/Tmut       8%         N/A       65%         4

Your spell library contained the following spells:

 Spells                   Type           Power      Damage    Failure   Level
 Wereblood                Tmut           12%        N/A       7%          2
 Poisonous Vapours        Pois/Air       8%         N/A       22%         2
 Corpse Rot               Necr/Air       2%         N/A       32%         2


Dungeon Overview and Level Annotations

Branches:
Dungeon (4/15)
 Temple: D:4-7

Altars:
Wu Jian

Annotations:
D:4 Grinder


Innate Abilities, Weirdness & Mutations

Your plain brown scales are hard. (AC +6)
You cannot fit into any form of body armour.
You are cold-blooded and may be slowed by cold attacks.


Message History

You hit the phantom but do no damage.
The phantom is heavily damaged.
The phantom misses you.
You barely miss the phantom.
The phantom is heavily damaged.
The phantom closely misses you.
You closely miss the phantom.
The phantom is heavily damaged.
The phantom hits you.
* * * LOW HITPOINT WARNING * * *
You hit the phantom.
The phantom is heavily damaged.
The phantom barely misses you.
You aren't carrying any potions.
Unknown command.
Okay, then.
You aren't carrying any items that you can evoke.
You closely miss the phantom.
The phantom is heavily damaged.
The phantom barely misses you.
You hit the phantom.
The phantom is severely damaged.
The phantom hits you.
* * * LOW HITPOINT WARNING * * *
You hit the phantom.
The phantom is almost destroyed.
The phantom barely misses you.
You hit the phantom but do no damage.
The phantom is almost destroyed.
You hit the phantom but do no damage.
The phantom is almost destroyed.
The phantom barely misses you.
You hit the phantom.
The phantom is almost destroyed.
Your transformation has ended.
The phantom hits you but does no damage.
You closely miss the phantom. Your punch misses the phantom.
The phantom is almost destroyed.
The phantom hits you.
You die...

.#,******,,,,*,*
.#,,,,,,,,,,,*,*
##,,,,,,,**###+#########
*,,,,,,,* #...........#
##...,,,,###...........#
.....,,,,+...........>.#
##...,,,,**#...........#
...#########....W......#
#..........#....@......#
#..........#...........#
#..........#...........#
#..........#...........#
#..........#...........#
#..........#############
##.....###.........#
##.....###.........#####
##.....#.'.........'...#


You could see a phantom.

Vanquished Creatures
  A necrophage (D:3)
  An orc priest (D:4)
  2 orc wizards (D:4)
  A hound skeleton (D:4)
  A howler monkey skeleton (D:4)
  4 adders
  An adder skeleton (D:4)
  A worm (D:4)
  2 dart slugs
  6 orcs
  6 bats
  7 endoplasms
  5 giant cockroaches
  3 goblins
  2 hobgoblins
  3 kobolds (D:2)
  A quokka (D:2)
  3 ball pythons
  3 frilled lizards
  3 rats
56 creatures vanquished.

Vanquished Creatures (collateral kills)
  An orc (D:4)
1 creature vanquished.

Vanquished Creatures (others)
  A plant (D:1)
1 creature vanquished.

Grand Total: 58 creatures vanquished

Notes
Turn   | Place    | Note
-------+----------+-------------------------------------------
     0 | D:1      | kae the Draconian Transmuter began the quest for the Orb.
     0 | D:1      | Reached XP level 1. HP: 16/16 MP: 3/3
   401 | D:1      | Reached XP level 2. HP: 23/23 MP: 1/5
   467 | D:1      | Found a faded altar of an unknown god.
   971 | D:2      | Identified the ring "Wism" {Will+ MP+9 Dex+4}
  1366 | D:2      | Reached XP level 3. HP: 24/28 MP: 6/6
  1372 | D:2      | Learned a level 3 spell: Spider Form
  2155 | D:3      | Found an ornate altar of the Wu Jian Council.
  2231 | D:3      | Reached XP level 4. HP: 35/36 MP: 7/7
  2249 | D:3      | Noticed a necrophage
  2263 | D:3      | Killed a necrophage
  2264 | D:3      | Reached skill level 1 in Poison Magic
  2264 | D:3      | Reached XP level 5. HP: 30/41 MP: 8/8
  2718 | D:4      | Reached skill level 4 in Unarmed Combat
  3156 | D:4      | Learned a level 4 spell: Ice Form
  3331 | D:4      | Noticed Grinder
  3359 | D:4      | Reached XP level 6. HP: 10/50 MP: 10/10
  3416 | D:4      | HP: 2/50 [phantom (2)]
  3421 | D:4      | Slain by a phantom

Illustrated notes

Levels and vault maps discovered:
D:1:      wander_arrival_chamber, layout_loops_cross,
          shapermc_ecumenical_altar_mp_urbaneastern, minmay_pentomino_x4
D:2:      layout_loops_ring
D:3:      layout_rooms, mainiacjoe_overflow_concentric_impassable
D:4:      layout_basic, minmay_fountain_box, hangedman_decor_clover_reticule,
          uniq_grinder

Skill      XL: |  1  2  3  4  5 |
---------------+----------------+-----
Dodging        | 2 |  2.5
Fighting       | 2 |  2.4
Transmutations | 3 |  3.6
Poison Magic   | 1 2 |  2.0
Unarmed Combat | 4 |  4.1
Spellcasting   | |  2.6
Ice Magic      | |  0.6

Action                   |  1- 3 |  4- 6 || total
-------------------------+-------+-------++-------
Melee: Unarmed           |    92 |    91 ||   183
       Kick              |    14 |    18 ||    32
       Headbutt          |    11 |     7 ||    18
       Tailslap          |    13 |     8 ||    21
       Punch             |     3 |     1 ||     4
 Cast: Beastly Appendage |    26 |    15 ||    41
       Spider Form       |       |     4 ||     4
  Use: Scroll            |     5 |     2 ||     7
       Potion            |       |     2 ||     2
 Stab: Sleeping          |     1 |       ||     1
Armor: Skin              |    39 |    31 ||    70
Dodge: Dodged            |    60 |    74 ||   134

Table legend: (Time is in decaauts)
 A = Elapsed time spent in this place.
 B = Non-inter-level travel time spent in this place.
 C = Inter-level travel time spent in this place.
 D = Time resting spent in this place.
 E = Time spent auto-exploring this place.
 F = Levels seen in this place.
 G = Mean time per level.
                   A        B        C        D        E       F      G
               +--------+--------+--------+--------+--------+-----+--------+
         Total |   3416 |   3321 |     95 |      0 |   2798 |   4 |  854.0 |
       Dungeon |   3416 |   3321 |     95 |      0 |   2798 |   4 |  854.0 |
               +--------+--------+--------+--------+--------+-----+--------+

Top non-repeatable levels by time:
     D:2: 1144 daAuts
     D:3: 944 daAuts
     D:1: 864 daAuts
     D:4: 463 daAuts
